 Dungeon Crawl Stone Soup version 0.29-a0-732-g3d7fbe0af2 (webtiles) character file.

Game seed: 9656531818005300286

7407 RancidPinata the Fighter (level 11, -7/72 HPs)
             Began as a Gargoyle Gladiator on June 29, 2022.
             Was an Elder of Okawaru.
             Mangled by a white ugly thing (17 damage)
             ... on level 8 of the Dungeon.
             The game lasted 00:30:40 (10098 turns).

RancidPinata the Fighter (Gargoyle Gladiator)      Turns: 10098, Time: 00:30:40

Health: -7/72      AC: 31    Str: 24    XL:     11   Next: 14%
Magic:  9/11       EV: 14    Int: 10    God:    Okawaru [****..]
Gold:   399        SH:  5    Dex: 11    Spells: 10/10 levels left

rFire   . . .      SeeInvis .   c - +5 hand axe of Balance {flame, *Noise rElec Will+ Str+3}
rCold   . . .      Faith    .   (no shield)
rNeg    + . .      Spirit   .   u - +4 scale mail {rPois}
rPois   ∞          Reflect  +   j - +2 hat
rElec   +          Harm     .   B - +2 cloak
rCorr   .          Rampage  .   (no gloves)
Will    +....                   o - +2 pair of boots
Stlth   +.........              M - amulet of reflection
HPRegen 0.22/turn               (no ring)
MPRegen 0.12/turn               (no ring)

@: heroic
A: sickness immunity, AC +8, negative energy resistance 1, electricity
resistance, torment resistance 1, petrification resistance
a: Renounce Religion, Heroism, Finesse


You were on level 8 of the Dungeon.
You worshipped Okawaru.
Okawaru was greatly pleased with you.
You visited 3 branches of the dungeon, and saw 11 of its levels.

You collected 399 gold pieces.

Inventory:

Hand Weapons
 c - the +5 hand axe of Balance (weapon) {flame, *Noise rElec Will+ Str+3}
   (You found it on level 5 of the Dungeon)

   It burns those it strikes, dealing additional fire damage.
   Big, fiery blades are also staple armaments of hydra-hunters.
   Str:       It affects your strength (+3).
   rElec:     It insulates you from electricity.
   *Noise:    It may make noises in combat.
   Will:      It increases your willpower.
 r - a +1 whip of venom
 s - a +6 hand axe of venom
Missiles
 d - 3 throwing nets (quivered)
 l - 72 stones
 v - a javelin
 H - 11 poisoned darts
 K - a curare-tipped dart
Armour
 j - a +2 hat (worn)
 o - a +2 pair of boots (worn)
 u - a +4 scale mail of poison resistance (worn)
 B - a +2 cloak (worn)
 E - a +0 kite shield
Jewellery
 e - an amulet of magic regeneration
 z - a ring of ice
 D - a ring of fire
 M - an amulet of reflection (around neck)
Wands
 b - a wand of charming (16)
 i - a wand of light (9)
 y - a wand of flame (7)
Scrolls
 a - a scroll of vulnerability {unknown}
 f - 4 scrolls of blinking
 g - 5 scrolls of immolation
 h - a scroll of amnesia {unknown}
 m - 2 scrolls of fog {unknown}
 t - a scroll of torment {unknown}
 w - 4 scrolls of poison
 A - 2 scrolls of teleportation
 C - a scroll of brand weapon
 G - a scroll of fear
 I - a scroll of magic mapping {unknown}
Potions
 k - a potion of lignification {unknown}
 p - 4 potions of might
 q - 3 potions of brilliance
 x - 2 potions of curing
 F - 2 potions of mutation


   Skills:
 * Level 9.6(14.6) Fighting
 * Level 7.2(12.6) Axes
 - Level 3.6(11.2) Maces & Flails
 + Level 5.7(10.7) Throwing
 * Level 9.3(14.3) Armour
 + Level 5.5(10.5) Dodging


You had 10 spell levels left.
You didn't know any spells.
Your spell library contained the following spells:

 Spells                   Type           Power      Damage    Failure   Level
 Ensorcelled Hibernation  Hex/Ice        0%         N/A       73%         2
 Passwall                 Tmut/Erth      0%         N/A       73%         2
 Swiftness                Air            0%         N/A       91%         3
 Leda's Liquefaction      Hex/Erth       0%         N/A       100%        4
 Lee's Rapid Deconstruct  Erth           0%         3d5*      100%        5
 Statue Form              Tmut/Erth      Unusable   N/A       N/A         6

Dungeon Overview and Level Annotations

Branches:
Dungeon (9/15)             Temple (1/1) D:6            Lair (1/6) D:8
    Orc: D:9-12

Altars:
Ashenzari
Cheibriados
Dithmenos
Elyvilon
Fedhas
Gozag
Hepliaklqana
Kikubaaqudgha
Makhleb
Nemelex Xobeh
Okawaru
Qazlal
Ru
Sif Muna
Trog
Uskayaw
Vehumet
Wu Jian
Xom
Yredelemnul
Zin
The Shining One

Shops:
D:6 =

Annotations:
D:8 2 transporters, buhhh's ghost, novice DsNe


Innate Abilities, Weirdness & Mutations

You are immune to sickness and miasma.
Your stone body is resilient. (AC +8)
You are immune to poison.
You resist negative energy. (rN+)
You are resistant to electric shocks. (rElec)
You are resistant to unholy torment.
You are immune to petrification.


Message History

You hit the yak. You burn the yak. You block the yak's attack.
The white ugly thing tail-slaps you. The white ugly thing freezes you!!
You fail to use your ability.
The yak closely misses you.
The white ugly thing tail-slaps you but does no damage.
You gain the combat prowess of a mighty hero.
The yak misses you. The white ugly thing tail-slaps you.
The white ugly thing freezes you!!
* * * LOW HITPOINT WARNING * * *
You hit the white ugly thing. You burn the white ugly thing.
The white ugly thing is heavily wounded.
You slash the yak! You burn the yak. The yak gores you but does no damage.
The white ugly thing barely misses you.
You hit the white ugly thing but do no damage.
The white ugly thing is heavily wounded.
You hit the yak. You burn the yak. The yak gores you but does no damage.
You slash the white ugly thing! You burn the white ugly thing.
The white ugly thing is severely wounded.
You hit the yak. You burn the yak.
You block the white ugly thing's attack.
You barely miss the white ugly thing.
The white ugly thing is severely wounded.
You barely miss the yak. The yak gores you!
* * * LOW HITPOINT WARNING * * *
The white ugly thing barely misses you.
You hit the white ugly thing but do no damage.
The white ugly thing is severely wounded.
You hit the yak. You burn the yak. The yak misses you.
You barely miss the white ugly thing.
The white ugly thing is severely wounded.
You hit the yak. You burn the yak.
The white ugly thing completely misses you.
You hit the white ugly thing. You burn the white ugly thing.
The white ugly thing is almost dead.
You hit the yak. You burn the yak.
You kill the yak!
Okawaru accepts your kill. The white ugly thing tail-slaps you.
* * * LOW HITPOINT WARNING * * *
The white ugly thing freezes you!
You die...

# #.#.####.#..# #
#.#.#....#..# #
#.#.#.####..# #
#.#.........#
#.###.#####.#
#.#.........#
#.#.#.#######
#.#.#.#..†##### ##
#.#.#.#.#u@†..# .#
#.#.#.#.#####.# .#
#.#.#.#.....#.# .#
#.#.#.#####.#.# .#
#.#.#.........#
#######.#)#######.#####
............# #.....#
##....#.#.#.# #####.#
#....#.#.#.# #.#


You could see a white ugly thing.

Vanquished Creatures
  A black mamba (Lair:1)
  The ghost of sammy202020 the Trooper, a novice PaFi (D:5)
  2 cane toads (Lair:1)
  2 komodo dragons (Lair:1)
  A wyvern (D:8)
  12 yaks
  2 water moccasins
  A sky beast (D:8)
  An orc warrior (D:8)
  An ice beast (D:5)
  5 ogres
  3 wolves (Lair:1)
  A centaur (D:5)
  A phantom (D:7)
  A kobold brigand (D:8)
  A necrophage (D:7)
  A scorpion (D:7)
  7 bullfrogs
  A water moccasin zombie (D:5)
  3 wights (D:7)
  15 killer bees
  3 howler monkeys (D:6)
  2 bullfrog zombies (D:5)
  4 hounds
  A jelly (D:4)
  Crazy Yiuf (D:3)
  6 orc priests
  3 gnoll shamans
  Terence (D:3)
  7 orc wizards
  An iguana (D:5)
  16 gnolls
  5 adders
  A shadow imp (D:7)
  An ufetubus (D:7)
  A worm (D:3)
  3 dart slugs
  29 orcs
  6 ball pythons
  4 bats
  3 endoplasms
  2 giant cockroaches
  12 goblins
  6 hobgoblins
  12 jackals
  6 quokkas
  2 frilled lizards
  10 kobolds
211 creatures vanquished.

Vanquished Creatures (others)
  7 fungi
  8 plants
15 creatures vanquished.

Grand Total: 226 creatures vanquished

Notes
Turn   | Place    | Note
-------+----------+-------------------------------------------
     0 | D:1      | RancidPinata the Gargoyle Gladiator began the quest for the
                  | Orb.
     0 | D:1      | Reached XP level 1. HP: 12/12 MP: 1/1
   124 | D:1      | Reached XP level 2. HP: 18/18 MP: 2/2
   148 | D:1      | Reached skill level 1 in Armour
   572 | D:1      | Reached XP level 3. HP: 22/22 MP: 3/3
  1282 | D:2      | Reached XP level 4. HP: 28/28 MP: 4/4
  1444 | D:3      | Noticed Terence
  1809 | D:4      | Noticed an ogre
  2461 | D:3      | Reached XP level 5. HP: 32/32 MP: 5/5
  2615 | D:3      | Found a faded altar of an unknown god.
  2874 | D:4      | Noticed an ogre
  3063 | D:3      | Killed Terence
  3143 | D:3      | Reached XP level 6. HP: 37/38 MP: 6/6
  3158 | D:3      | Found a runed translucent door.
  3159 | D:3      | Noticed Crazy Yiuf
  3166 | D:3      | Killed Crazy Yiuf
  3309 | D:4      | Reached skill level 1 in Axes
  3398 | D:5      | Entered Level 5 of the Dungeon
  3409 | D:5      | Found a blossoming altar of Fedhas.
  3459 | D:5      | Found a transporter.
  3464 | D:5      | Noticed sammy202020's ghost (novice PaFi)
  3465 | D:5      | Found a transporter.
  3498 | D:5      | Reached XP level 7. HP: 44/44 MP: 7/7
  3500 | D:5      | Found a broken altar of Ashenzari.
  3540 | D:5      | Found an ornate altar of the Wu Jian Council.
  3917 | D:5      | Reached skill level 5 in Fighting
  4482 | D:7      | Reached XP level 8. HP: 48/49 MP: 8/8
  4534 | D:7      | Reached skill level 5 in Armour
  4619 | D:7      | Found a white marble altar of Elyvilon.
  4821 | D:7      | Found a stormy altar of Qazlal.
  5156 | D:8      | Found a transporter.
  5305 | D:7      | Reached XP level 9. HP: 49/56 MP: 9/9
  5980 | D:6      | Found a staircase to the Ecumenical Temple.
  6110 | Temple   | Entered the Ecumenical Temple
  6169 | Temple   | Became a worshipper of Warmaster Okawaru
  6735 | D:4      | Reached skill level 5 in Axes
  7144 | D:5      | Killed sammy202020's ghost
  7151 | D:5      | Reached * piety under Okawaru
  7165 | D:5      | Identified the +5 hand axe of Balance {flame, *Noise rElec
                  | Will+ Str+3}
  7518 | D:6      | Found Orryonio's Jewellery Shop.
  7726 | D:8      | Reached XP level 10. HP: 49/64 MP: 10/10
  8038 | D:8      | Found a staircase to the Lair.
  8069 | Lair:1   | Entered Level 1 of the Lair of Beasts
  8079 | Lair:1   | Noticed a black mamba
  8096 | Lair:1   | Reached ** piety under Okawaru
  8102 | Lair:1   | Killed a black mamba
  8102 | Lair:1   | Noticed a cane toad
  8346 | D:8      | Found a hide-covered altar of Uskayaw.
  8432 | D:8      | Noticed buhhh's ghost (novice DsNe)
  8556 | D:8      | Found a transporter.
  8566 | D:8      | Noticed a cyclops
  8707 | D:8      | Reached skill level 5 in Throwing
  8819 | Lair:1   | Killed a cane toad
  8820 | Lair:1   | Reached skill level 5 in Dodging
  9277 | Lair:1   | Reached *** piety under Okawaru
  9566 | Lair:1   | Noticed a cane toad
  9571 | Lair:1   | Killed a cane toad
  9778 | Lair:1   | Noticed a six-headed hydra
  9911 | D:9      | Reached XP level 11. HP: 65/71 MP: 11/11
  9929 | D:9      | Noticed a white ugly thing
 10008 | D:8      | Reached **** piety under Okawaru
 10098 | D:8      | Mangled by a white ugly thing

Illustrated notes

Levels and vault maps discovered:
D:1:      heliophobic_arrival_dark_side_of_the_moon, layout_basic
D:2:      layout_basic, nicolae_elevator_lobby_plus
D:3:      layout_basic, shapermc_ecumenical_altar_mp_vishouse,
          kennysheep_nondescript, uniq_crazy_yiuf_cottage, uniq_terence
D:4:      layout_rooms
D:5:      layout_basic, overflow_temple_1_default, grunt_temple_overflow_open,
          gammafunk_ghost_mausoleum
D:6:      layout_loops_corners, minmay_temple_entry_wispy, serial_shops, shop,
          eino_small_chamber_without_monster
D:7:      layout_loops_ring, mainiacjoe_overflow_cross_hatched, elyvilon_altar_1
D:8:      layout_basic, nicolae_uskayaw_murder_on_the_dancefloor,
          dpeg_oklobed_lair, nzn_ghost_randoct, minivault_1
D:9:      layout_irregular_city
Temple:   nicolae_temple_x_marks_the_god
Lair:1:   layout_gridlike, gammafunk_ghost_hydra_chop

Skill      XL: |  1  2  3  4  5  6  7  8  9 10 11 |
---------------+----------------------------------+-----
Armour         | 1 2 3 4 6 7 9 |  9.3
Throwing       | 2 3 4 5 |  5.7
Fighting       | 3 4 5 6 8 9 |  9.6
Dodging        | 3 4 5 |  5.5
Axes           | 1 2 4 5 6 7 |  7.2
Maces & Flails | |  3.6

Action                   |  1- 3 |  4- 6 |  7- 9 | 10-12 || total
-------------------------+-------+-------+-------+-------++-------
Melee: Flail             |   128 |    56 |       |       ||   184
       Punch             |     1 |     2 |     2 |     3 ||     8
       Whip              |       |    62 |       |       ||    62
       Hand axe          |       |    24 |   273 |   209 ||   506
Throw: Javelin           |       |     2 |       |       ||     2
       Throwing net      |       |     1 |       |       ||     1
Invok: Heroism           |       |       |       |     2 ||     2
  Use: Scroll            |       |       |    11 |     2 ||    13
       Potion            |       |       |     3 |       ||     3
Armor: Leather armour    |    64 |    15 |       |       ||    79
       Ring mail         |       |    49 |       |       ||    49
       Scale mail        |       |    14 |   178 |   130 ||   322
Dodge: Dodged            |   118 |    84 |   141 |   147 ||   490
Block: Other             |       |       |       |    23 ||    23

Table legend: (Time is in decaauts)
 A = Elapsed time spent in this place.
 B = Non-inter-level travel time spent in this place.
 C = Inter-level travel time spent in this place.
 D = Time resting spent in this place.
 E = Time spent auto-exploring this place.
 F = Levels seen in this place.
 G = Mean time per level.
                   A        B        C        D        E       F      G
               +--------+--------+--------+--------+--------+-----+--------+
         Total |  10172 |   9800 |    372 |   2787 |   4043 |  11 |  924.7 |
       Dungeon |   9221 |   8852 |    369 |   2226 |   3914 |   9 | 1024.6 |
        Temple |     67 |     67 |      0 |      0 |      0 |   1 |   67.0 |
          Lair |    883 |    880 |      3 |    561 |    129 |   1 |  883.0 |
               +--------+--------+--------+--------+--------+-----+--------+

Top non-repeatable levels by time:
     D:3: 1594 daAuts
     D:8: 1460 daAuts
     D:5: 1243 daAuts
     D:7: 1208 daAuts
     D:6: 996 daAuts
     D:2: 921 daAuts
  Lair:1: 883 daAuts
     D:1: 855 daAuts
     D:4: 841 daAuts
     D:9: 99 daAuts
  Temple: 67 daAuts
